 Dungeon Crawl Stone Soup version 0.30-a0-534-gdc55766716 (webtiles) character file.

Game seed: 12447211535847017708

39 cforsyth the Ruffian (level 3, -5/29 HPs)
             Began as a Draconian Transmuter on Dec 25, 2022.
             Killed from afar by Terence (15 damage)
             ... with a bolt of light
             ... on level 2 of the Dungeon.
             The game lasted 00:01:59 (1220 turns).

cforsyth the Ruffian (Draconian Transmuter)         Turns: 1220, Time: 00:01:59

Health: -5/29      AC:  6    Str: 14    XL:     3   Next: 28%
Magic:  5/6        EV: 12    Int: 13    God:
Gold:   49         SH:  0    Dex: 11    Spells: 5/6 levels left

rFire   . . .      SeeInvis .      - Unarmed
rCold   + . .      Faith    .    (no shield)
rNeg    . . .      Spirit   .    (body armour unavailable)
rPois   .          Reflect  .    (helmet currently unavailable)
rElec   .          Harm     .    (no cloak)
rCorr   .          Rampage  .    e - +0 pair of gloves
Will    .....                    (boots currently unavailable)
Stlth   +                        (no amulet)
HPRegen 0.24/turn                c - ring of protection from cold
MPRegen 0.10/turn                (no ring)

@: appendages (expiring)
A: horns 2, talons 2, AC +5, unfitting armour, cold-blooded
a: End Transformation


You were on level 2 of the Dungeon.
You had temporarily grown beastly horns and talons.
You visited 1 branch of the dungeon, and saw 2 of its levels.

You collected 49 gold pieces.

Inventory:

Armour
 e - a +0 pair of gloves (worn)
Jewellery
 c - a ring of protection from cold (left hand)
Scrolls
 b - 4 scrolls of identify {unknown}
 d - a scroll of vulnerability {unknown}
 g - a scroll of teleportation {unknown}
 h - a scroll of immolation {unknown}
Potions
 a - a potion of lignification
 f - 2 potions of might {unknown}
 i - a potion of ambrosia {unknown}
 j - a potion of curing {unknown}


   Skills:
 + Level 1.8 Fighting
 + Level 2.1 Dodging
 + Level 3.3 Unarmed Combat
 + Level 2.3 Spellcasting
 + Level 2.4 Transmutations


You had 5 spell levels left.
You knew the following spells:

 Your Spells              Type           Power      Damage    Failure   Level
a - Beastly Appendage     Tmut           14%        N/A       10%         1

Your spell library contained the following spells:

 Spells                   Type           Power      Damage    Failure   Level
 Wereblood                Tmut           7%         N/A       14%         2
 Spider Form              Tmut/Pois      4%         N/A       41%         3
 Ice Form                 Ice/Tmut       4%         N/A       83%         4


Dungeon Overview and Level Annotations

Branches:
Dungeon (2/15)

Altars:

Annotations:
D:2 Terence


Innate Abilities, Weirdness & Mutations

You have temporarily grown beastly horns and talons.
Your plain brown scales are hard. (AC +5)
You cannot fit into any form of body armour.
You are cold-blooded and may be slowed by cold attacks.


Message History

Your transformation is almost over.
Found a cloak.
Terence the Incautious comes into view.
He is wielding a +0 short sword and carrying a wand of light (7).
Terence shouts!
You hear an angry hiss.
A ball python comes into view.
There are monsters nearby!
There are monsters nearby!
There are monsters nearby!
You extend your transformation's duration.
The ball python bites you but does no damage.
The ball python barely misses you.
You hit the ball python.
The ball python is moderately wounded.
The ball python closely misses you. The ball python misses you.
Terence zaps a wand.
The bolt of light hits you!
You hit the ball python.
You kill the ball python!
You hit Terence but do no damage. You headbutt Terence, but do no damage.
You tail-slap Terence, but do no damage.
Terence hits you with a +0 short sword.
You are too injured to fight recklessly!
You are too injured to fight recklessly!
You are too injured to fight recklessly!
You are too injured to fight recklessly!
You are too injured to fight recklessly!
You are too injured to fight recklessly!
You are too injured to fight recklessly!
You are too injured to fight recklessly!
You are too injured to fight recklessly!
You closely miss Terence.
Your tail-slap misses Terence.
Terence hits you with a +0 short sword.
You barely miss Terence. Your kick misses Terence. You headbutt Terence.
Terence is moderately wounded.
Terence hits you but does no damage.
You hit Terence but do no damage. You claw Terence.
You tail-slap Terence, but do no damage.
Terence is heavily wounded.
Terence zaps a wand.
The bolt of light hits you!
Ouch! That really hurt!
You die...

### .....[.
..$....
#####.......
...........
..#.......
#####.#.......
..#..@@.#.......
..........###
####....#...#
######...#########
###..##......
#.†...# ## #.##..#
. #.###.#.#
#.###.#.#


You could see Terence.

Vanquished Creatures
  2 dart slugs (D:2)
  3 endoplasms
  2 giant cockroaches (D:2)
  4 goblins (D:1)
  2 hobgoblins
  2 quokkas (D:1)
  4 ball pythons (D:2)
  4 bats
  8 frilled lizards
  2 rats (D:1)
33 creatures vanquished.

Vanquished Creatures (others)
  9 plants (D:2)
9 creatures vanquished.

Grand Total: 42 creatures vanquished

Notes
Turn   | Place    | Note
-------+----------+-------------------------------------------
     0 | D:1      | cforsyth the Draconian Transmuter began the quest for the
                  | Orb.
     0 | D:1      | Reached XP level 1. HP: 16/16 MP: 3/3
   291 | D:1      | Reached XP level 2. HP: 23/23 MP: 3/5
   992 | D:2      | Reached XP level 3. HP: 29/29 MP: 4/6
  1211 | D:2      | Noticed Terence
  1220 | D:2      | Killed from afar by Terence

Illustrated notes

Levels and vault maps discovered:
D:1:      dpeg_arrival_yet_another_circle, layout_basic
D:2:      layout_basic, st_stairs_1, minmay_misc_feat_more_columns,
          chequers_arboretum, minmay_lizard_king, uniq_terence, uniq_sigmund

Skill      XL: |  1  2 |
---------------+-------+-----
Dodging        | 2 |  2.1
Fighting       | |  1.8
Unarmed Combat | |  3.3
Spellcasting   | |  2.3
Transmutations | |  2.4

Action                   || total
-------------------------++-------
Melee: Unarmed           ||    85
       Kick              ||    16
       Tailslap          ||     8
       Headbutt          ||    10
       Punch             ||     2
 Cast: Beastly Appendage ||    31
Armor: Skin              ||    31
Dodge: Dodged            ||    53

Table legend: (Time is in decaauts)
 A = Elapsed time spent in this place.
 B = Non-inter-level travel time spent in this place.
 C = Inter-level travel time spent in this place.
 D = Time resting spent in this place.
 E = Time spent auto-exploring this place.
 F = Levels seen in this place.
 G = Mean time per level.
                   A        B        C        D        E       F      G
               +--------+--------+--------+--------+--------+-----+--------+
         Total |   1217 |   1208 |      9 |      0 |    976 |   2 |  608.5 |
       Dungeon |   1217 |   1208 |      9 |      0 |    976 |   2 |  608.5 |
               +--------+--------+--------+--------+--------+-----+--------+

Top non-repeatable levels by time:
     D:1: 882 daAuts
     D:2: 335 daAuts
